 Dungeon Crawl Stone Soup version 0.24-a0-441-g27f0392e16 (console) character file.

Game seed: 2092703420575185427

308 Voker57 the Skirmisher (level 6, 0/51 HPs)
             Began as a Demonspawn Monk on June 19, 2019.
             Was a Priest of Nemelex Xobeh.
             Slain by an orc
             ... wielding a +0 morningstar of draining
              (4 damage)
             ... on level 4 of the Dungeon.
             The game lasted 00:07:39 (4171 turns).

Voker57 the Skirmisher (Demonspawn Monk)            Turns: 4171, Time: 00:07:39

Health: 0/51       AC:  4    Str: 11    XL:     6   Next: 17%
Magic:  0/8        EV: 13    Int: 11    God:    Nemelex Xobeh [***...]
Gold:   171        SH:  0    Dex: 18    Spells: 5/5 levels left

rFire    . . .     SeeInvis .   a - +0 mace
rCold    . . .     Gourm    .   (no shield)
rNeg     . . .     Faith    .   l - +0 leather armour
rPois    .         Spirit   +   (helmet restricted)
rElec    .         Reflect  .   (no cloak)
rCorr    .         Harm     .   (no gloves)
MR       .....                  d - +0 pair of boots
Stlth    ++........             e - amulet of guardian spirit
HPRegen  0.17/turn              (no ring)
MPRegen  0.11/turn              (no ring)

@: heavily drained
A: antennae 1, demonic guardian 1
a: Draw Escape, Draw Destruction, Draw Summoning, Triple Draw, Renounce Religion


You were on level 4 of the Dungeon.
You worshipped Nemelex Xobeh.
Nemelex Xobeh was most pleased with you.
You were not hungry.

You visited 1 branch of the dungeon, and saw 4 of its levels.

You collected 171 gold pieces.

Inventory:

Hand Weapons
 a - a +0 mace (weapon)
Armour
 b - a +0 robe
 d - a +0 pair of boots (worn)
 l - a +0 leather armour (worn)
 n - a +2 helmet of intelligence
Jewellery
 e - an amulet of guardian spirit (around neck)
 m - an uncursed ring of resist corrosion {unknown}
Wands
 o - a wand of flame (20)
Scrolls
 g - 2 scrolls of remove curse
 h - 3 scrolls of identify
 p - a scroll of magic mapping
 s - a scroll of teleportation
Potions
 f - a potion of lignification
 j - 2 potions of haste {unknown}
 k - a potion of cancellation {unknown}
 q - 2 potions of curing
 r - a potion of brilliance {unknown}
Comestibles
 c - 3 rations
 i - 2 chunks of flesh


   Skills:
 + Level 5.0(3.5) Fighting
 - Level 2.6(1.2) Maces & Flails
 + Level 4.5(3.1) Dodging
 - Level 1.7(0.4) Stealth
 + Level 3.1(1.6) Invocations


You had 5 spell levels left.
You didn't know any spells.
Your spell library was empty.

Dungeon Overview and Level Annotations

Branches:
Dungeon (4/15)
 Temple: D:4-7

Altars:
Nemelex Xobeh
Sif Muna
Trog
Wu Jian


Innate Abilities, Weirdness & Mutations

You have a pair of small antennae on your head.
A weak demonic guardian rushes to your aid.


Message History

You feel drained.
* * * LOW HITPOINT WARNING * * *
You see here a +0 mace.
You closely miss the orc. The orc closely misses you.
You hit the orc.
The orc is lightly wounded.
The orc hits you with a +0 morningstar of draining.
* * * LOW HITPOINT WARNING * * *
You feel drained.
* * * LOW HITPOINT WARNING * * *
You hit the orc but do no damage.
The orc is lightly wounded.
The orc closely misses you.
You barely miss the orc.
The orc is lightly wounded.
The orc hits you with a +0 morningstar of draining!
* * * LOW HITPOINT WARNING * * *
You feel drained.
You die...
Your body disappears without a glow.

.....#####....##########
#####.# #..### # #.#
##..# #.. #####.# ##...#
#.# ......###..#.# #.
#.#....##.# .
#...#####.. )# ##..).#
##.# #. #(.##o####.# #
....# #@.).#.# .####
####.# .. .# #


You could see an orc.

Vanquished Creatures
  An orc wizard (D:4)
  7 adders
  3 worms
  3 dart slugs
  9 orcs
  2 ball pythons
  4 giant cockroaches
  5 hobgoblins
  3 jackals (D:4)
  5 kobolds
  A quokka (D:2)
  8 bats
  2 frilled lizards (D:1)
  10 goblins
  A quokka skeleton (D:4)
  14 rats
78 creatures vanquished.

Vanquished Creatures (collateral kills)
  An ogre (D:4)
  A centaur skeleton (D:4)
  Terence (D:3)
  Robin (D:3)
  An orc (D:3)
  8 goblins (D:3)
  3 hobgoblins (D:3)
16 creatures vanquished.

Grand Total: 94 creatures vanquished

Notes
Turn   | Place    | Note
-------+----------+-------------------------------------------
     0 | D:1      | Voker57 the Demonspawn Monk began the quest for the Orb.
     0 | D:1      | Reached XP level 1. HP: 18/18 MP: 1/1
   483 | D:1      | Gained mutation: A weak demonic guardian rushes to your
                  | aid. [demonic ancestry]
   483 | D:1      | Reached XP level 2. HP: 21/24 MP: 2/2
  1355 | D:2      | Reached XP level 3. HP: 26/29 MP: 3/3
  1712 | D:2      | Found a deep blue altar of Sif Muna.
  1915 | D:2      | Reached skill level 4 in Fighting
  2086 | D:2      | Noticed a moth of wrath
  2089 | D:2      | Found a bloodstained altar of Trog.
  2115 | D:2      | Reached XP level 4. HP: 23/37 MP: 4/4
  2966 | D:3      | Found a faded altar of an unknown god.
  3005 | D:3      | Became a worshipper of Nemelex Xobeh the Trickster
  3005 | D:3      | Received a gift from Nemelex Xobeh
  3005 | D:3      | Reached * piety under Nemelex Xobeh
  3005 | D:3      | Received a gift from Nemelex Xobeh
  3005 | D:3      | Reached ** piety under Nemelex Xobeh
  3005 | D:3      | Received a gift from Nemelex Xobeh
  3107 | D:3      | Noticed Robin
  3108 | D:3      | Noticed Terence
  3122 | D:3      | Killed Terence
  3177 | D:3      | Killed Robin
  3177 | D:3      | Reached skill level 1 in Invocations
  3398 | D:3      | Reached *** piety under Nemelex Xobeh
  3461 | D:3      | Reached XP level 5. HP: 26/43 MP: 4/6
  4110 | D:4      | Noticed an ogre
  4114 | D:4      | Killed an ogre
  4116 | D:4      | Gained mutation: You have a pair of small antennae on your
                  | head. [demonic ancestry]
  4116 | D:4      | Reached XP level 6. HP: 46/50 MP: 6/8
  4117 | D:4      | Found an ornate altar of the Wu Jian Council.
  4162 | D:4      | Reached skill level 5 in Fighting
  4171 | D:4      | Slain by an orc

Levels and vault maps discovered:
D:1:      co_arrival_square_in_a_square_in_a_square, layout_rooms
D:2:      layout_loops_ring, tgw_trog, lemuel_doored_altar
D:3:      layout_basic, chequers_ecumenical_altar_island, uniq_robin,
          uniq_terence
D:4:      layout_rooms, overflow_temple_1_default, marbit_many_paths,
          first_ration, uniq_sigmund

Skill      XL: |  1  2  3  4  5  6 |
---------------+-------------------+-----
Dodging        | 3 4 |  4.5
Fighting       | 4 5 |  5.0
Invocations    | 1 2 3 |  3.1
Maces & Flails | |  2.6
Stealth        | |  1.7

Action                   |  1- 3 |  4- 6 || total
-------------------------+-------+-------++-------
Melee: Mace              |   141 |   182 ||   323
 Abil: Draw Summoning    |       |     1 ||     1
       Draw Destruction  |       |     1 ||     1
  Use: Potion            |     1 |     1 ||     2
       Scroll            |     3 |     3 ||     6
 Stab: Sleeping          |     6 |     1 ||     7
       Distracted        |       |     1 ||     1
  Eat: Chunk             |     4 |     7 ||    11
Armor: Robe              |    32 |    14 ||    46
       Skin              |     3 |       ||     3
       Leather armour    |       |    47 ||    47
Dodge: Dodged            |   130 |   170 ||   300

Table legend:
 A = Non-vault XP
 B = Vault XP
 C = Vault XP percentage of total XP
 D = Non-vault monster count
 E = Vault monster count
 F = Vault count percentage of total count
                 A         B        C        D         E       F
            +---------+---------+-------+---------+---------+-------
      Total |     289 |     152 |  34.5 |      75 |      19 |  20.2
            +---------+---------+-------+---------+---------+-------
        D:1 |      36 |       0 |   0.0 |      20 |       0 |   0.0
        D:2 |      56 |       9 |  13.8 |      18 |       5 |  21.7
        D:3 |      70 |      37 |  34.6 |      22 |      13 |  37.1
        D:4 |     127 |     106 |  45.5 |      15 |       1 |   6.2
            +---------+---------+-------+---------+---------+-------
